 Dungeon Crawl Stone Soup version 0.22-a0-274-gf8199ec (webtiles) character file.

41 Amnesiac the Magician (level 3, -4/26 HPs)
             Began as a Mummy Wizard on Mar 13, 2018.
             Killed from afar by Natasha (7 damage)
             ... with a magic dart
             ... on level 2 of the Dungeon.
             The game lasted 00:02:40 (1710 turns).

Amnesiac the Magician (Mummy Wizard)                Turns: 1710, Time: 00:02:41

Health: -4/26      AC:  2    Str: 10    XL:     3   Next: 32%
Magic:  5/8        EV: 12    Int: 18    God:
Gold:   55         SH:  0    Dex: 10    Spells: 1/10 levels left

rFire    x . .     SeeInvis .   h - +2 mace (protect)
rCold    + . .     Gourm    .   (no shield)
rNeg     + + +     Faith    .   j - +0 robe (curse)
rPois    ∞         Spirit   .   b - +0 hat
rElec    .         Reflect  .   (no cloak)
rCorr    .         Harm     .   (no gloves)
MR       .....                  (no boots)
Stlth    ++........             (no amulet)
HPRegen  0.08/turn              (no ring)
MPRegen  0.11/turn              (no ring)

@: very slightly contaminated, slowed, very slow
A: no food or potions, fire vulnerability, cold resistance 1, negative energy
resistance 3, torment resistance, unbreathing
a: no special abilities


You were on level 2 of the Dungeon.
You were not hungry.

You visited 1 branch of the dungeon, and saw 2 of its levels.

You collected 55 gold pieces.

Inventory:

Hand Weapons
 h - a +2 mace of protection (weapon)
Missiles
 c - 20 sling bullets
 d - 51 stones (quivered)
Armour
 b - a +0 hat (worn)
 j - a cursed +0 robe (worn)
Scrolls
 a - a scroll of amnesia {!r, unknown}
 e - a scroll of remove curse {!r, unknown}
 f - a scroll of identify {!r, unknown}
 g - a scroll of noise {!r, unknown}
 i - a scroll of fog {!r, unknown}


   Skills:
 + Level 1.5 Fighting
 * Level 2.7 Dodging
 - Level 1.5 Stealth
 - Level 4.0 Spellcasting
 - Level 0.7 Conjurations
 - Level 0.7 Summonings
   Level 0.7 Translocations


You had one spell level left.
You knew the following spells:

 Your Spells              Type           Power        Failure   Level  Hunger
a - Magic Dart            Conj           #...         11%         1    N/A
b - Call Imp              Summ           #.......     17%         2    N/A
e - Mephitic Cloud        Conj/Pois/Air  #.......     36%         3    N/A
s - Conjure Flame         Conj/Fire      #.......     36%         3    N/A

Dungeon Overview and Level Annotations

Branches:
Dungeon (2/15)

Altars:

Annotations:
D:2 Natasha


Innate Abilities, Weirdness & Mutations

You do not eat or drink.
Your flesh is vulnerable to fire.
You are immune to poison.
Your flesh is cold resistant. (rC+)
You are immune to negative energy. (rN+++)
You are immune to unholy pain and torment.
You can survive without breathing.


Message History

You hit the worm.
The worm is heavily wounded.
The worm bites you!
The ball python hisses angrily.
You hit the worm.
The worm is severely wounded.
The worm bites you but does no damage.
You hit the worm.
The worm is severely wounded.
You hit the worm.
The worm is almost dead.
The ball python bites you but does no damage.
The ball python grabs you. The ball python constricts you.
The worm barely misses you.
The ball python bites you but does no damage.
The ball python constricts you.
You closely miss the ball python. The ball python closely misses you.
The ball python constricts you. The worm barely misses you.
The ball python bites you but does no damage.
The ball python constricts you.
You completely miss the ball python. The ball python barely misses you.
The ball python constricts you. The worm misses you.
The kobold shouts!
You hit the ball python.
You kill the ball python!
You hear an angry hiss.
The worm barely misses you.
You hit the worm.
You kill the worm!
The kobold throws a stone.
The stone closely misses you.
Natasha, Servant of Life and Death comes into view.
Natasha howls an incantation.
Natasha shimmers violently.
The kobold throws a stone.
The stone barely misses you.
You see here a worm corpse.
The kobold throws a stone.
The stone completely misses you.
A hobgoblin comes into view.
The kobold barely misses you.
Natasha extends her claws.
Natasha closely misses you.
The hobgoblin moves out of view.
You barely miss Natasha. The kobold hits you but does no damage.
Natasha completely misses you. The kobold closely misses you.
Natasha misses you.
You barely miss Natasha. The kobold hits you with a dagger.
Natasha stares at you and mumbles some strange words.
You feel yourself slow down.
You closely miss Natasha. The kobold hits you with a dagger.
* * * LOW HITPOINT WARNING * * *
Natasha closely misses you. The kobold hits you but does no damage.
Natasha barely misses you.
Casting: Call Imp (safe; 17% risk of failure)
Confirm with . or Enter, or press ? or * to list all spells.
Aiming: Mephitic Cloud (slightly dangerous; 36% risk of failure)
Press: ? - help, Shift-Dir - straight line, f - kobold
Aim: a kobold, wielding a dagger You miscast Mephitic Cloud.
You are very lightly contaminated with residual magic.
The kobold barely misses you. Natasha claws you.
* * * LOW HITPOINT WARNING * * *
The kobold completely misses you. Natasha claws you!
* * * LOW HITPOINT WARNING * * *
Natasha casts a spell at you. The magic dart hits you!
You die...

....s......
.........#
#########<#####.##
.................
..#.##.#.#####.#
..#..#.#.#####.#
....b..(........#
.#.##.#.#(......#
.......<†@K..#####
#######†##§......#
....+.h..g...
###.##........
#...........
..######.... ..#
.... ..# ###


You could see Natasha, a hobgoblin and a kobold.

Vanquished Creatures
  A worm (D:2)
  A dart slug (D:1)
  2 leopard geckos (D:1)
  3 bats (D:1)
  A giant cockroach (D:1)
  5 goblins (D:1)
  7 hobgoblins (D:1)
  2 ball pythons
  A frilled lizard (D:1)
  6 kobolds (D:1)
  2 rats (D:1)
31 creatures vanquished.

Vanquished Creatures (collateral kills)
  A hobgoblin (D:1)
1 creature vanquished.

Grand Total: 32 creatures vanquished

Notes
Turn   | Place    | Note
-------+----------+-------------------------------------------
     0 | D:1      | Amnesiac the Mummy Wizard began the quest for the Orb.
     0 | D:1      | Reached XP level 1. HP: 13/13 MP: 5/5
   376 | D:1      | Reached XP level 2. HP: 18/20 MP: 1/7
   606 | D:1      | Reached skill level 1 in Fighting
  1082 | D:1      | Reached XP level 3. HP: 26/26 MP: 3/8
  1087 | D:1      | Learned a level 3 spell: Mephitic Cloud
  1091 | D:1      | Learned a level 3 spell: Conjure Flame
  1094 | D:1      | Learned a level 2 spell: Call Imp
  1703 | D:2      | Noticed Natasha
  1710 | D:2      | Killed from afar by Natasha

Vault maps used:
D:1:      scummos_arrival_gate, serial_park_tiny_pond
D:2:      uniq_natasha

Skill      XL: |  1  2 |
---------------+-------+-----
Dodging        | 2 |  2.7
Fighting       | 1 |  1.5
Stealth        | |  1.5
Spellcasting   | |  4.0
Conjurations   | |  0.7
Summonings     | |  0.7
Translocations | |  0.7

Action                   || total
-------------------------++-------
Melee: Unarmed           ||    10
       Mace              ||    23
 Cast: Magic Dart        ||    72
       Call Imp          ||     2
Armor: Robe              ||    46
Dodge: Dodged            ||   106

Table legend:
 A = Spawn XP
 B = Non-spawn XP
 C = Spawn XP percentage of total XP
 D = Spawn monster count
 E = Non-spawn monster count
 F = Spawn count percentage of total count
 G = Total turns spent on level
                    A         B        C        D         E        F      G
               +---------+---------+-------+---------+---------+-------+---------
         Total |       0 |      59 |   0.0 |       0 |      32 |   0.0 |  1710
               +---------+---------+-------+---------+---------+-------+---------
           D:1 |       0 |      53 |   0.0 |       0 |      30 |   0.0 |  1666
           D:2 |       0 |       6 |   0.0 |       0 |       2 |   0.0 |    44
               +---------+---------+-------+---------+---------+-------+---------
